 Dungeon Crawl Stone Soup version 0.29-a0-472-ge5599a681e (webtiles) character file.

Game seed: 11898340900909373873

3376 dolemite99 the Slicer (level 9, -2/74 HPs)
             Began as a Minotaur Earth Elementalist on May 22, 2022.
             Was an Elder of Qazlal.
             Slain by a death yak (18 damage)
             ... on level 8 of the Dungeon.
             The game lasted 00:08:58 (8922 turns).

dolemite99 the Slicer (Minotaur Earth Elementalist) Turns: 8922, Time: 00:08:58

Health: -2/74      AC: 13    Str: 22    XL:     9   Next: 74%
Magic:  0/10       EV: 15    Int: 10    God:    Qazlal [****..]
Gold:   557        SH:  5    Dex: 16    Spells: 9/10 levels left

rFire   . . .      SeeInvis .   a - +6 short sword of Blood {freeze, Fly Int-2 Dex+4}
rCold   . . .      Faith    .   (no shield)
rNeg    . . .      Spirit   +   n - +4 scale mail
rPois   .          Reflect  .   (helmet restricted)
rElec   .          Harm     .   R - +0 cloak
rCorr   .          Rampage  .   (no gloves)
Will    .....                   (no boots)
Stlth   +.........              E - amulet of guardian spirit
HPRegen 0.22/turn               g - +4 ring of evasion
MPRegen 0.12/turn               B - +6 ring of strength

@: flying, repel missiles
A: horns 2, retaliatory headbutt
a: Renounce Religion, Upheaval, Elemental Force


You were on level 8 of the Dungeon.
You worshipped Qazlal.
Qazlal was greatly pleased with you.
You visited 1 branch of the dungeon, and saw 8 of its levels.

You collected 557 gold pieces.

Inventory:

Hand Weapons
 a - the +6 short sword of Blood (weapon) {freeze, Fly Int-2 Dex+4}
   (You took it off a goblin on level 2 of the Dungeon)

   It freezes those it strikes, dealing additional cold damage.
   It can also slow down cold-blooded creatures.
   Int:       It affects your intelligence (-2).
   Dex:       It affects your dexterity (+4).
   Fly:       It grants you flight.
 b - a +0 hand crossbow
 d - a +0 dagger
 l - a +0 scimitar
 v - a +0 whip
 w - a +0 dagger
 x - a +0 dagger of draining
 y - a +1 shortbow of freezing
 N - a +1 vorpal flail
 O - a +2 scimitar of protection
 Q - a +1 hunting sling
Missiles
 e - 151 stones
 L - 5 poisoned darts
Armour
 n - a +4 scale mail (worn)
 p - a +0 robe
 s - a +1 scale mail
 u - a +0 troll leather armour
 M - a +0 chain mail
 P - a +0 chain mail
 R - a +0 cloak (worn)
Jewellery
 g - a +4 ring of evasion (left hand)
 z - a +6 ring of dexterity
 B - a +6 ring of strength (right hand)
 D - a ring of positive energy
 E - an amulet of guardian spirit (around neck)
Wands
 r - a wand of flame (22)
 F - a wand of iceblast (7)
 G - a wand of polymorph (15)
Scrolls
 h - 3 scrolls of noise
 k - a scroll of teleportation
 C - a scroll of vulnerability
 I - 2 scrolls of enchant weapon
 J - a scroll of immolation
 K - 2 scrolls of poison
Potions
 c - 3 potions of magic
 f - 3 potions of heal wounds
 i - 2 potions of attraction
 j - 5 potions of cancellation {unknown}
 m - 2 potions of curing
 o - 2 potions of brilliance {unknown}
 q - 2 potions of ambrosia {unknown}
 A - a potion of flight {unknown}


   Skills:
 - Level 5.4 Fighting
 - Level 11.2 Short Blades
 - Level 4.5 Maces & Flails
 - Level 0.8 Slings
 - Level 2.0 Bows
 + Level 7.5 Armour
 - Level 2.1 Dodging
 - Level 1.5 Stealth
 - Level 1.3 Spellcasting
 - Level 0.7 Transmutations
 - Level 2.4 Earth Magic


You had 9 spell levels left.
You knew the following spells:

 Your Spells              Type           Power      Damage    Failure   Level
a - Sandblast             Erth           10%        2d5       28%         1

Your spell library contained the following spells:

 Spells                   Type           Power      Damage    Failure   Level
 Passwall                 Tmut/Erth      2%         N/A       54%         2
 Stone Arrow              Conj/Erth      6%         3d7       82%         3
 Call Canine Familiar     Summ           0%         N/A       93%         3
 Portal Projectile        Hex/Tloc       0%         N/A       93%         3
 Leda's Liquefaction      Hex/Erth       1%         N/A       99%         4
 Petrify                  Tmut/Erth      3%         N/A       99%         4


Dungeon Overview and Level Annotations

Branches:
Dungeon (8/15)             Temple (0/1) D:5            Lair (0/6) D:8

Altars:
Fedhas
Gozag
Hepliaklqana
Nemelex Xobeh
Qazlal
The Shining One

Annotations:
D:2 Ijyb
D:3 Sigmund
D:8 1 transporter


Innate Abilities, Weirdness & Mutations

You have a pair of horns on your head.
You reflexively headbutt those who attack you in melee.


Message History

You closely miss the quokka. Your headbutt misses the quokka.
The quokka bites you but does no damage.
The quokka attacks as you move away! You block the quokka's attack.
You closely miss the quokka.
The quokka bites you but does no damage.
You closely miss the quokka. Your headbutt misses the quokka.
The quokka twitches its whiskers.
You block the quokka's attack.
You puncture the quokka! You freeze the quokka.
You kill the quokka!
Qazlal accepts your kill.
No target in view!
No target in view!
No target in view!
Magic restored.
You hear a bellow! x2
A death yak is nearby!
Found a staircase to the Lair.
A death yak is nearby!
The blast of sand misses the death yak.
There are monsters nearby!
Okay, then.
You hear a deafening roar!
The death yak attacks as you move away! The death yak gores you!
The death yak attacks as you move away! The death yak gores you!
The death yak attacks as you move away! The death yak gores you!
The death yak snorts and paws the ground.
You hit the death yak but do no damage. The death yak closely misses you.
You puncture the death yak! You freeze the death yak.
You headbutt the death yak.
The death yak is lightly wounded.
You puncture the death yak! You freeze the death yak.
The death yak is moderately wounded.
The death yak gores you!!
As you read the scroll of fear, it crumbles to dust.
You assume a fearsome visage.
The death yak resists with some effort.
The death yak gores you!
* * * LOW HITPOINT WARNING * * *
The death yak attacks as you move away! The death yak gores you!!
You die...

### ......... #
.Y..>.... ## #
......... #r #
#..#..... #r ####...
##........ #. .......
#......... #) ####...
#........ #r ..###
#########.##.....r..r)
....#
#....@Y........#..r...
#.#.#
###.########.#########
# ### #.# .. ##.##
#.#. ... #._.# #.#. ..
######.#######.#.## .
#...........##.#..#
##....#....###.##.#
##..###..####.##.#


You could see a death yak.

Vanquished Creatures
  A death yak (D:8)
  2 water moccasins
  2 ice beasts
  2 sky beasts
  3 orc warriors (D:7)
  3 centaurs
  2 phantoms
  A bullfrog (D:8)
  A kobold brigand (D:7)
  A scorpion (D:6)
  A necrophage (D:5)
  9 killer bees
  2 jellies
  5 hounds
  Crazy Yiuf (D:7)
  5 orc priests
  3 iguanas
  6 orc wizards
  3 gnolls (D:7)
  10 adders
  A shadow imp (D:8)
  3 white imps
  3 ufetubi
  5 worms
  33 orcs
  4 endoplasms
  8 giant cockroaches
  13 goblins
  6 hobgoblins
  3 jackals (D:1)
  12 kobolds
  2 quokkas
  3 ball pythons
  3 bats
  3 frilled lizards
  5 rats
170 creatures vanquished.

Notes
Turn   | Place    | Note
-------+----------+-------------------------------------------
     0 | D:1      | dolemite99 the Minotaur Earth Elementalist began the quest
                  | for the Orb.
     0 | D:1      | Reached XP level 1. HP: 14/14 MP: 1/1
    35 | D:1      | Reached skill level 1 in Fighting
   188 | D:1      | Reached skill level 1 in Maces & Flails
   285 | D:1      | Reached XP level 2. HP: 23/23 MP: 0/3
   793 | D:1      | Reached XP level 3. HP: 25/28 MP: 4/4
  1318 | D:2      | Noticed Ijyb
  1733 | D:2      | Found a faded altar of an unknown god.
  1736 | D:2      | Prayed at the altar of an unknown god.
  1736 | D:2      | Became a worshipper of Qazlal Stormbringer
  1736 | D:2      | Reached * piety under Qazlal
  1829 | D:3      | Reached XP level 4. HP: 35/35 MP: 5/5
  2481 | D:3      | Noticed Sigmund
  2525 | D:2      | Identified the +6 short sword of Blood {freeze, Fly Int-2
                  | Dex+4}
  3070 | D:4      | Found a sparkling altar of Nemelex Xobeh.
  3081 | D:4      | Noticed a phantom
  3089 | D:4      | Killed a phantom
  3090 | D:4      | Reached skill level 3 in Short Blades
  3090 | D:4      | Reached XP level 5. HP: 34/40 MP: 3/6
  3274 | D:4      | Noticed a sky beast
  3286 | D:4      | Killed a sky beast
  3286 | D:4      | Reached ** piety under Qazlal
  3287 | D:4      | Reached skill level 4 in Short Blades
  3287 | D:4      | Reached XP level 6. HP: 47/47 MP: 7/7
  3331 | D:4      | Found a hazy altar of Hepliaklqana.
  3433 | D:4      | Reached skill level 5 in Short Blades
  3764 | D:4      | Reached skill level 6 in Short Blades
  3775 | D:4      | Reached XP level 7. HP: 23/52 MP: 8/8
  3784 | D:4      | Reached skill level 7 in Short Blades
  4305 | D:5      | Entered Level 5 of the Dungeon
  4615 | D:5      | Reached skill level 1 in Bows
  4743 | D:5      | Found an opulent altar of Gozag.
  5110 | D:5      | Found Keonuesu's Self-Improvement Boutique.
  5231 | D:5      | Reached XP level 8. HP: 63/63 MP: 6/9
  5412 | D:5      | Found a staircase to the Ecumenical Temple.
  5792 | D:6      | Reached *** piety under Qazlal
  5907 | D:6      | Reached skill level 5 in Fighting
  5967 | D:6      | Reached skill level 8 in Short Blades
  6107 | D:6      | Found a blossoming altar of Fedhas.
  6847 | D:7      | Reached skill level 9 in Short Blades
  7112 | D:7      | Reached skill level 10 in Short Blades
  7248 | D:7      | Reached XP level 9. HP: 74/74 MP: 10/10
  7366 | D:7      | Found a runed translucent door.
  7367 | D:7      | Noticed Crazy Yiuf
  7501 | D:7      | Reached skill level 11 in Short Blades
  7631 | D:7      | Reached skill level 1 in Armour
  7631 | D:7      | Reached **** piety under Qazlal
  8048 | D:7      | Killed Crazy Yiuf
  8281 | D:8      | Noticed a death yak
  8290 | D:8      | Noticed a death yak
  8295 | D:8      | Noticed a death yak
  8305 | D:8      | Killed a death yak
  8695 | D:8      | Found a transporter.
  8845 | D:8      | Found a glowing golden altar of the Shining One.
  8911 | D:8      | Found a staircase to the Lair.
  8922 | D:8      | Slain by a death yak

Illustrated notes

Levels and vault maps discovered:
D:1:      dpeg_arrival_ternary, layout_basic, kennysheep_another_room,
          item_on_display_a
D:2:      kennysheep_the_goblin_king, layout_rooms,
          chequers_ecumenical_altar_grove, serial_rivers,
          chequers_serial_rivers_small_b, chequers_serial_rivers_marsh,
          chequers_serial_rivers_micro_e, chequers_serial_rivers_micro_c
D:3:      layout_basic, serial_rivers, chequers_serial_rivers_room_a,
          chequers_serial_rivers_micro_b, chequers_serial_rivers_room_b,
          chequers_serial_rivers_micro_b, chequers_serial_rivers_micro_b,
          uniq_sigmund, uniq_ijyb
D:4:      layout_loops_ring, nzn_hepliaklqana_mist_gate,
          nemelex_spade_bored_becter
D:5:      layout_cave_pods, lemuel_tele_altar, temple_pool_b,
          nicolae_shop_self_help
D:6:      layout_basic, marbit_many_paths
D:7:      kennysheep_six_static_rooms, layout_basic, uniq_crazy_yiuf_cottage
D:8:      gammafunk_cloud_chamber, layout_basic, nicolae_tso_swordbearing_angel,
          dpeg_lair_monsters, minmay_mini_ossuary

Skill      XL: |  1  2  3  4  5  6  7  8  9 |
---------------+----------------------------+-----
Fighting       | 1 3 5 |  5.4
Maces & Flails | 1 2 4 |  4.5
Short Blades   | 3 4 6 7 10 11 | 11.2
Bows           | 2 |  2.0
Armour         | 7 |  7.5
Slings         | |  0.8
Dodging        | |  2.1
Stealth        | |  1.5
Spellcasting   | |  1.3
Transmutations | |  0.7
Earth Magic    | |  2.4

Action                   |  1- 3 |  4- 6 |  7- 9 || total
-------------------------+-------+-------+-------++-------
Melee: Unarmed           |     3 |       |       ||     3
       Whip              |    53 |       |       ||    53
       Dagger            |     1 |       |       ||     1
       Headbutt          |     9 |     9 |    41 ||    59
       Punch             |     1 |       |     4 ||     5
       Short sword       |       |    77 |   200 ||   277
 Fire: Hunting sling     |    19 |    52 |    87 ||   158
       Shortbow          |       |       |    41 ||    41
       Hand crossbow     |       |       |     5 ||     5
 Cast: Sandblast         |    11 |     4 |    22 ||    37
Invok: Upheaval          |       |       |     1 ||     1
Evoke: Wand              |       |       |     1 ||     1
  Use: Scroll            |     4 |     3 |     8 ||    15
       Potion            |       |     2 |     4 ||     6
Armor: Robe              |     3 |       |       ||     3
       Ring mail         |    23 |     8 |       ||    31
       Scale mail        |       |    34 |    95 ||   129
Dodge: Dodged            |    66 |    61 |   156 ||   283
Block: Other             |       |     8 |    34 ||    42

Table legend: (Time is in decaauts)
 A = Elapsed time spent in this place.
 B = Non-inter-level travel time spent in this place.
 C = Inter-level travel time spent in this place.
 D = Time resting spent in this place.
 E = Time spent auto-exploring this place.
 F = Levels seen in this place.
 G = Mean time per level.
                   A        B        C        D        E       F      G
               +--------+--------+--------+--------+--------+-----+--------+
         Total |   8943 |   8676 |    267 |   1797 |   5135 |   8 | 1117.9 |
       Dungeon |   8943 |   8676 |    267 |   1797 |   5135 |   8 | 1117.9 |
               +--------+--------+--------+--------+--------+-----+--------+

Top non-repeatable levels by time:
     D:4: 1485 daAuts
     D:7: 1458 daAuts
     D:1: 1305 daAuts
     D:2: 1164 daAuts
     D:5: 1152 daAuts
     D:6: 1068 daAuts
     D:8: 706 daAuts
     D:3: 602 daAuts
